 Dungeon Crawl Stone Soup version 0.21-a0-264-g3e31e41 (webtiles) character file.

39 tidbits the Grave Robber (level 3, -9/28 HPs)
             Began as a Draconian Necromancer on Sept 8, 2017.
             Killed from afar by Ijyb (14 damage)
             ... with a wand of lightning (?/15)
             ... on level 3 of the Dungeon.
             The game lasted 00:04:19 (508 turns).

tidbits the Grave Robber (Draconian Necromancer)     Turns: 508, Time: 00:04:19

Health: -9/28      AC:  5    Str: 10    XL:     3   Next: 28%
Magic:  2/6        EV: 12    Int: 16    God:
Gold:   52         SH:  0    Dex: 15    Spells: 2/7 levels left

rFire    . . .     SeeInvis .   a - +0 dagger
rCold    . . .     Gourm    .   (no shield)
rNeg     . . .     Faith    .   (armour unavailable)
rPois    .         Spirit   .   (helmet restricted)
rElec    .         Reflect  .   (no cloak)
rCorr    .         Harm     .   (no gloves)
MR       .....                  (no boots)
Stlth    ++........             (no amulet)
HPRegen  0.09/turn              X - +4 ring of dexterity
MPRegen  0.10/turn              (no ring)

@: very slightly contaminated
A: unfitting armour, cold-blooded, AC +5
a: no special abilities


You were on level 3 of the Dungeon.
You were not hungry.

You visited 1 branch of the dungeon, and saw 4 of its levels.

You collected 52 gold pieces.

Inventory:

Hand Weapons
 a - a +0 dagger (weapon)
 j - a +1 antimagic short sword
   (You took it off a kobold on level 2 of the Dungeon)
Missiles
 h - 25 bolts
Jewellery
 X - a +4 ring of dexterity (left hand)
   (You found it on level 1 of the Dungeon)
Scrolls
 c - a scroll of immolation {unknown}
 f - a scroll of identify {unknown}
 i - 2 scrolls of teleportation {unknown}
 k - a scroll of remove curse {unknown}
 n - a scroll of noise {unknown}
Potions
 e - a potion of brilliance {unknown}
 g - a potion of agility {unknown}
 m - a potion of lignification {unknown}
Books
 d - a book of Necromancy

   Spells                             Type                      Level
   a - Pain                           Necromancy                   1
   b - Animate Skeleton               Necromancy                   1
   c - Vampiric Draining              Necromancy                   3
   d - Regeneration                   Charms/Necromancy            3
   e - Animate Dead                   Necromancy                   4
   f - Control Undead                 Necromancy                   4
 o - a book of Conjurations
   (You found it on level 3 of the Dungeon)

   Spells                             Type                      Level
   a - Magic Dart                     Conjuration                  1
   b - Searing Ray                    Conjuration                  2
   c - Dazzling Spray                 Conjuration/Hexes            3
   d - Fulminant Prism                Conjuration/Hexes            4
   e - Force Lance                    Conjuration/Translocation    4
   f - Iskenderun's Mystic Blast      Conjuration                  4
Comestibles
 b - 2 bread rations
 l - 2 chunks of flesh


   Skills:
 + Level 1.2 Fighting
 - Level 1.7 Dodging
 - Level 1.7 Stealth
 + Level 2.6 Spellcasting
 * Level 4.5 Necromancy


You had 2 spell levels left.
You knew the following spells:

 Your Spells              Type           Power        Failure   Level  Hunger
n - Animate Skeleton      Necr           N/A          3%          1    #......
v - Vampiric Draining     Necr           ###.......   9%          3    ###....
z - Pain                  Necr           ###.         3%          1    #......


Dungeon Overview and Level Annotations

Branches:
Dungeon (4/15)
 Temple: D:4-7

Altars:
Dithmenos

Annotations:
D:3 Ijyb


Innate Abilities, Weirdness & Mutations

Your plain brown scales are hard. (AC +5)
You cannot fit into any form of body armour.
You are cold-blooded and may be slowed by cold attacks.


Message History

v - Vampiric Draining You see here an adder corpse.
Casting: Pain
Confirm with . or Enter, or press ? or * to list all spells.
You attempt to give life to the dead...
Before your eyes, flesh is ripped from the corpse!
The dead are slithering!
l - 2 chunks of flesh Unknown command.
Found a stone staircase leading up.
Found an escape hatch in the floor.
Found 20 stones.
Found a robe.
You see here a robe.
Found a fizzy golden potion.
Found 15 stones.
m - a fizzy golden potion You see here 15 stones.
Found 13 gold pieces.
You now have 52 gold pieces (gained 13).
Found 14 stones.
You swap places.
You see here 14 stones.
Found a scroll labeled CIFY NUUCW.
Found a leatherbound book.
Found a stone staircase leading down.
n - a scroll labeled CIFY NUUCW
Found 13 gold pieces, a bread ration and 3 fruits. 2 goblins come into view.
The goblin shouts! 2 goblins come into view.
A goblin comes into view. It is wielding a club.
The goblin shouts! x3
A goblin comes into view. It is wielding a club.
You see here a book of Conjurations.
o - a book of Conjurations Ijyb the Twisted Goblin comes into view.
What are your orders? t - Shout!
Orders for allies: a - Attack new target. r - Retreat! s - Stop attacking. g - Guard the area. f - Follow me.
Anything else - Cancel.
Gang up on whom?
Press: ? - help, Dir - move target cursor, f - goblin
Aim: a goblin, wielding a dagger Attack!
The goblin hits your adder skeleton with a dagger.
Your adder skeleton closely misses the goblin.
The goblin hits your adder skeleton with a dagger.
Your adder skeleton barely misses the goblin.
The goblin barely misses your adder skeleton.
The goblin hits your adder skeleton but does no damage.
Your adder skeleton closely misses the goblin.
The goblin barely misses your adder skeleton.
The goblin hits your adder skeleton but does no damage.
Your adder skeleton closely misses the goblin.
The goblin hits your adder skeleton with a dagger.
Your adder skeleton bites the goblin.
The goblin hits your adder skeleton with a dagger.
The goblin hits your adder skeleton but does no damage.
Your adder skeleton barely misses the goblin.
The goblin hits your adder skeleton with a dagger.
Your adder skeleton is destroyed!
Casting: Animate Skeleton
Confirm with . or Enter, or press ? or * to list all spells.
Aiming: Pain
Press: ? - help, Shift-Dir - straight line, f - goblin
Aim: a goblin, wielding a dagger (chance to defeat MR: 87%)
The goblin barely resists.
The goblin closely misses you.
You hit the goblin.
The goblin is heavily wounded.
You hit Ijyb but do no damage.
Your tail-slap misses Ijyb.
You hit Ijyb but do no damage. Ijyb barely misses you.
You hit Ijyb.
Ijyb is lightly wounded.
Ijyb zaps a wand.
The bolt of lightning misses you.
It is a wand of lightning (?/15).
Casting: Pain
Confirm with . or Enter, or press ? or * to list all spells.
Aiming: Pain
Press: ? - help, Shift-Dir - straight line, f/p - goblin
Aim: a goblin, wielding a dagger (heavily wounded, chance to defeat MR: 87%)
You miscast Pain.
You are very lightly contaminated with residual magic.
The world around you seems to dim momentarily.
Ijyb zaps a wand.
The bolt of lightning hits you!
Ouch! That really hurt!
* * * LOW HITPOINT WARNING * * *
Casting: Pain
Confirm with . or Enter, or press ? or * to list all spells.
Aiming: Vampiric Draining
Press: ? - help, Shift-Dir - straight line, f - Ijyb, p - goblin
Aim: Ijyb, wearing a runed ring mail and carrying a wand of lightning (?/15) {zapped: 2} (lightly wounded) Ijyb is moderately wounded.
You feel life coursing into your body.
Ijyb zaps a wand.
The bolt of lightning hits you!
Ouch! That really hurt!
You die...

#.##.# ##### #
#.##.###...# # #
##.##.......###.# #
##.(.#.#.......#.# #
#................# #
#....#.#.......#####
#.#.##.###.......(..
#.#.##.# #...#######
#.#@##.# #####
#.#g##.# ## #g##..
.######
#gg####.8.8.8. ##g#
#........
#.#####.###........
#.#...#.##.%.g.g...
#.#####..#.....g...
####..g..gg.g$..


You could see Ijyb and 4 goblins.

Vanquished Creatures
  3 adders
  A dart slug (D:1)
  A bat (D:2)
  2 giant cockroaches
  2 hobgoblins
  2 kobolds (D:2)
  A rat (D:1)
12 creatures vanquished.

Notes
Turn   | Place    | Note
-------+----------+-------------------------------------------
     0 | D:1      | tidbits the Draconian Necromancer began the quest for the Orb.
     0 | D:1      | Reached XP level 1. HP: 14/14 MP: 3/3
    96 | D:2      | Reached XP level 2. HP: 18/22 MP: 0/5
   161 | D:1      | Learned a level 1 spell: Animate Skeleton
   256 | D:2      | Reached skill level 1 in Fighting
   278 | D:1      | Reached XP level 3. HP: 19/28 MP: 0/6
   326 | D:2      | Found a shadowy altar of Dithmenos.
   382 | D:3      | Learned a level 3 spell: Vampiric Draining
   484 | D:3      | Noticed Ijyb
   508 | D:3      | Killed from afar by Ijyb

Vault maps used:
D:1:      lightli_arrival_statuegarden
D:2:      nicolae_overflow_hidden_temple
D:3:      kennysheep_the_goblin_king, first_bread, serial_aquarium,
          aquarium_bridge_square, aquarium_window_corridor_3,
          aquarium_window_corner, aquarium_view_2c, aquarium_balcony_5b,
          minmay_misc_feat_pillars
D:4:      gammafunk_temple_overflow_arena, lemuel_crystal_altar

Skill      XL: |  1  2 |
---------------+-------+-----
Fighting       | 1 |  1.2
Dodging        | |  1.7
Stealth        | |  1.7
Spellcasting   | |  2.6
Necromancy     | |  4.5

Action                   || total
-------------------------++-------
Melee: Dagger            ||    16
       Tailslap          ||     1
 Cast: Pain              ||    21
       Animate Skeleton  ||     1
       Vampiric Draining ||     1
Armor: Skin              ||     6
Dodge: Dodged            ||    11

Table legend:
 A = Spawn XP
 B = Non-spawn XP
 C = Spawn XP percentage of total XP
 D = Spawn monster count
 E = Non-spawn monster count
 F = Spawn count percentage of total count
 G = Total turns spent on level
                    A         B        C        D         E        F      G
               +---------+---------+-------+---------+---------+-------+---------
         Total |       0 |      57 |   0.0 |       0 |      12 |   0.0 |   508
               +---------+---------+-------+---------+---------+-------+---------
           D:1 |       0 |       9 |   0.0 |       0 |       4 |   0.0 |   201
           D:2 |       0 |      33 |   0.0 |       0 |       6 |   0.0 |   108
           D:3 |       0 |      15 |   0.0 |       0 |       2 |   0.0 |   197
               +---------+---------+-------+---------+---------+-------+---------

Table legend:
 A = Turns spent in this place as a percentage of turns spent in the entire game.
 B = Non-inter-level travel turns spent in this place as a percentage of non-inter-level travel turns spent in the entire game.
 C = Inter-level travel turns spent in this place as a percentage of turns spent in this place.
 D = Turns resting spent in this place as a percentage of non-inter-level travel turns spent in this place.
 E = Turns spent auto-exploring this place as a percentage of non-inter-level travel turns spent in this place.
 F = Non-inter-level travel turns spent in this place divided by the number of levels of this place that you've seen.
                   A       B       C       D       E      F
               +-------+-------+-------+-------+-------+----------------------
         Total | 100.0 | 100.0 |   2.2 |   0.0 |   0.0 | 124.2
       Dungeon | 100.0 | 100.0 |   2.2 |   0.0 |   0.0 | 124.2
               +-------+-------+-------+-------+-------+----------------------

Table legend:
 A = Kills in this place as a percentage of kills in entire the game.
 B = Kills by you in this place as a percentage of kills by you in the entire game.
 C = Kills by friends in this place as a percentage of kills by friends in the entire game.
 D = Other kills in this place as a percentage of other kills in the entire game.
 E = Experience gained in this place as a percentage of experience gained in the entire game.
 F = Experience gained in this place divided by the number of levels of this place that you have seen.
                   A       B       C       D       E      F
               +-------+-------+-------+-------+-------+----------------------
         Total | 100.0 | 100.0 |   N/A |   N/A | 100.0 |  14.2
       Dungeon | 100.0 | 100.0 |   N/A |   N/A | 100.0 |  14.2
               +-------+-------+-------+-------+-------+----------------------

Vault maps used:
D:1:      lightli_arrival_statuegarden
D:2:      nicolae_overflow_hidden_temple
D:3:      kennysheep_the_goblin_king, first_bread, serial_aquarium,
          aquarium_bridge_square, aquarium_window_corridor_3,
          aquarium_window_corner, aquarium_view_2c, aquarium_balcony_5b,
          minmay_misc_feat_pillars
D:4:      gammafunk_temple_overflow_arena, lemuel_crystal_altar
